 Dungeon Crawl Stone Soup version 0.29.1-4-g47bece8355 (webtiles) character file.

Game seed: 12743138914568769801

1841 fleeber the Fighter (level 9, 0/74 HPs)
             Began as a Human Hunter on Dec 2, 2022.
             Was a Believer of Fedhas.
             Slain by a killer bee (2 damage)
             ... on level 8 of the Dungeon on Dec 5, 2022.
             The game lasted 00:27:37 (9233 turns).

fleeber the Fighter (Human Hunter)                  Turns: 9233, Time: 00:27:38

Health: 0/74       AC: 13    Str: 11    XL:     9   Next: 33%
Magic:  10/10      EV: 12    Int: 10    God:    Fedhas [**....]
Gold:   529        SH:  0    Dex: 21    Spells: 8/8 levels left

rFire   . . .      SeeInvis .   H - +1 shortbow (flame)
rCold   . . .      Faith    .   (shield currently unavailable)
rNeg    + . .      Spirit   .   A - +2 ring mail {rN+}
rPois   .          Reflect  .   j - +0 helmet
rElec   .          Harm     .   o - +0 cloak
rCorr   +          Rampage  .   (no gloves)
Will    +....                   F - +2 pair of boots
Stlth   +.........              k - amulet of the acrobat
HPRegen 0.22/turn               m - ring of willpower
MPRegen 0.12/turn               D - ring of resist corrosion

@: lethally poisoned (0 -> -3)
A: no striking features
a: Renounce Religion, Wall of Briars


You were on level 8 of the Dungeon.
You worshipped Fedhas.
Fedhas was pleased with you.
You visited 2 branches of the dungeon, and saw 9 of its levels.

You collected 529 gold pieces.

Inventory:

Hand Weapons
 H - a +1 shortbow of flaming (weapon)
Missiles
 e - 20 poisoned darts
Armour
 j - a +0 helmet (worn)
 o - a +0 cloak (worn)
 A - a +2 ring mail of positive energy (worn)
 F - a +2 pair of boots (worn)
Jewellery
 k - an amulet of the acrobat (around neck)
 m - a ring of willpower (left hand)
 z - an amulet of regeneration
 D - a ring of resist corrosion (right hand)
Wands
 s - a wand of flame (36)
 v - a wand of roots (8)
Scrolls
 b - 2 scrolls of immolation
 c - 2 scrolls of acquirement {unknown}
 g - 9 scrolls of identify {unknown}
 h - a scroll of vulnerability {unknown}
 i - 5 scrolls of noise {unknown}
 p - 4 scrolls of fog {unknown}
 q - 2 scrolls of teleportation {unknown}
 r - 3 scrolls of magic mapping {unknown}
 u - 2 scrolls of torment {unknown}
 w - 2 scrolls of fear {unknown}
 y - a scroll of summoning {unknown}
 G - a scroll of enchant weapon {unknown}
 I - a scroll of amnesia {unknown}
Potions
 a - 2 potions of degeneration {unknown}
 d - 4 potions of heal wounds {unknown}
 f - 4 potions of haste {unknown}
 l - 2 potions of attraction {unknown}
 n - 4 potions of brilliance {unknown}
 t - 2 potions of resistance {unknown}
 x - a potion of flight {unknown}
 B - a potion of lignification {unknown}
 C - a potion of mutation {unknown}
 E - a potion of ambrosia {unknown}
 J - a potion of cancellation {unknown}


   Skills:
 * Level 8.2 Fighting
 + Level 6.8 Ranged Weapons
 + Level 3.7 Armour
 + Level 3.2 Dodging
 - Level 1.0 Stealth
 + Level 2.6 Invocations
 + Level 2.4 Evocations


You had 8 spell levels left.
You didn't know any spells.
Your spell library contained the following spells:

 Spells                   Type           Power      Damage    Failure   Level
 Apportation              Tloc           0%         N/A       65%         1
 Necrotise                Necr           0%         1d4       65%         1
 Sting                    Tmut/Pois      0%         1d3       65%         1
 Summon Small Mammal      Summ           0%         N/A       65%         1
 Blink                    Tloc           0%         N/A       78%         2
 Poisonous Vapours        Pois/Air       0%         N/A       78%         2
 Sublimation of Blood     Necr           0%         N/A       78%         2
 Wereblood                Tmut           0%         N/A       78%         2
 Gell's Gravitas          Tloc           0%         N/A       95%         3
 Lesser Beckoning         Tloc           0%         N/A       95%         3
 Teleport Other           Tloc           0%         N/A       95%         3
 Olgreb's Toxic Radiance  Pois           0%         N/A       100%        4
 Passage of Golubria      Tloc           0%         N/A       100%        4
 Manifold Assault         Tloc           0%         N/A       100%        5
 Silence                  Hex/Air        0%         N/A       100%        5
 Summon Hydra             Summ           0%         N/A       100%        7
 Lehudib's Crystal Spear  Conj/Erth      0%         10d2      100%        8


Dungeon Overview and Level Annotations

Branches:
Dungeon (8/15)             Temple (1/1) D:4
   Lair: D:8-11

Altars:
Ashenzari
Cheibriados
Dithmenos
Elyvilon
Fedhas
Gozag
Hepliaklqana
Kikubaaqudgha
Makhleb
Nemelex Xobeh
Okawaru
Qazlal
Ru
Sif Muna
Trog
Uskayaw
Vehumet
Wu Jian
Yredelemnul
Zin
The Shining One

Annotations:
D:4 exclusion: downstairs


Message History

The killer bee completely misses you.
The killer bee stings you but does no damage. x2
Fire: H) +1 shortbow (flame)
Press: ? - help, Q - select action, (/) - cycle Shift-Dir - straight line, f/p - killer bee
Aim: a killer bee (heavily wounded, 48% to hit)
You shoot an arrow.
The arrow hits the killer bee but does no damage.
The killer bee is heavily wounded.
The killer bee barely misses you. The killer bee completely misses you.
The killer bee barely misses you. The killer bee stings you!
* * * LOW HITPOINT WARNING * * *
The killer bee closely misses you.
The killer bee stings you but does no damage. x4
The killer bee stings you.
* * * LOW HITPOINT WARNING * * *
You are poisoned.
The killer bee poisons you! The killer bee misses you.
The killer bee stings you but does no damage.
Fire: H) +1 shortbow (flame)
Press: ? - help, Q - select action, (/) - cycle Shift-Dir - straight line, f/p - killer bee
Aim: a killer bee (heavily wounded, 48% to hit)
You shoot an arrow. The arrow hits the killer bee.
The arrow burns the killer bee.
The killer bee is severely wounded.
You feel sick. The killer bee closely misses you. x2
The killer bee stings you.
* * * LOW HITPOINT WARNING * * *
The killer bee stings you but does no damage.
The killer bee completely misses you. The killer bee stings you.
* * * LOW HITPOINT WARNING * * *
The killer bee stings you but does no damage. x2
Fire: H) +1 shortbow (flame)
Press: ? - help, Q - select action, (/) - cycle Shift-Dir - straight line, f/p - killer bee
Aim: a killer bee (severely wounded, 48% to hit)
You shoot an arrow. The arrow misses the killer bee.
* * * LOW HITPOINT WARNING * * *
You feel sick. The killer bee barely misses you.
The killer bee closely misses you. x3; The killer bee stings you.
You die...
Fedhas appreciates your contribution to the ecosystem.

###'# ##...
#....##.#.
#......... #........
#........
#.......######
#.......##@y.##
.........yyy..#
...>..........# ##
#.............# #...
#.............#
.....
##########...######
..^..
#...)...##...##...##
.....
.........).........#
.....
..................##


You could see 4 killer bees.

Vanquished Creatures
  Joseph (D:8)
  Grum (D:8)
  3 wolves
  3 centaurs
  2 kobold brigands
  2 scorpions (D:5)
  3 bullfrogs
  2 orc priests (D:5)
  4 orc wizards
  9 adders
  4 gnolls (D:4)
  3 shadow imps
  A white imp (D:7)
  3 worms
  2 dart slugs
  24 orcs
  7 ball pythons
  7 endoplasms
  A giant cockroach (D:2)
  6 goblins
  5 hobgoblins
  6 jackals (D:1)
  2 quokkas (D:3)
  10 bats
  4 frilled lizards
  10 kobolds
  7 rats
132 creatures vanquished.

Vanquished Creatures (others)
  6 plants (D:3)
6 creatures vanquished.

Grand Total: 138 creatures vanquished

Notes
Turn   | Place    | Note
-------+----------+-------------------------------------------
     0 | D:1      | fleeber the Human Hunter began the quest for the Orb.
     0 | D:1      | Reached XP level 1. HP: 16/16 MP: 1/1
   404 | D:1      | Reached XP level 2. HP: 23/23 MP: 2/2
   808 | D:1      | Reached XP level 3. HP: 16/28 MP: 3/3
   810 | D:1      | Reached skill level 3 in Fighting
  1502 | D:2      | Reached XP level 4. HP: 35/35 MP: 4/4
  2390 | D:3      | Reached skill level 4 in Fighting
  2396 | D:3      | Reached XP level 5. HP: 42/42 MP: 5/5
  2991 | D:3      | Found a faded altar of an unknown god.
  3112 | D:3      | Found a snail-covered altar of Cheibriados.
  3112 | D:3      | Found a stormy altar of Qazlal.
  3362 | D:4      | Found a staircase to the Ecumenical Temple.
  3372 | Temple   | Entered the Ecumenical Temple
  3514 | Temple   | Became a worshipper of Fedhas Madash
  4534 | D:5      | Entered Level 5 of the Dungeon
  4742 | D:5      | Reached skill level 5 in Ranged Weapons
  4858 | D:5      | Reached XP level 6. HP: 50/50 MP: 6/6
  5053 | D:4      | Reached * piety under Fedhas
  5412 | D:5      | Reached skill level 5 in Fighting
  5701 | D:5      | Reached XP level 7. HP: 38/57 MP: 7/7
  5877 | D:5      | Reached skill level 6 in Fighting
  6316 | D:6      | Reached skill level 1 in Armour
  6988 | D:7      | Reached XP level 8. HP: 55/65 MP: 8/8
  7237 | D:7      | Reached skill level 7 in Fighting
  7705 | D:7      | Reached ** piety under Fedhas
  7820 | D:7      | Identified the +0 pair of gloves "Boboz" {rN+ Regen+ MP+9
                  | Slay+3}
  7971 | D:8      | Noticed Grum
  7982 | D:8      | Killed Grum
  7990 | D:7      | Reached skill level 1 in Invocations
  7990 | D:7      | Reached skill level 1 in Evocations
  8517 | D:8      | Noticed Joseph
  8556 | D:8      | Killed Joseph
  8557 | D:8      | Reached skill level 8 in Fighting
  8557 | D:8      | Reached XP level 9. HP: 15/74 MP: 1/10
  9165 | D:8      | Found a hide-covered altar of Uskayaw.
  9175 | D:8      | Found an ancient bone altar of Kikubaaqudgha.
  9176 | D:8      | Found a hazy altar of Hepliaklqana.
  9232 | D:8      | HP: 3/74 [killer bee (5)]
  9233 | D:8      | Slain by a killer bee

Illustrated notes

Levels and vault maps discovered:
D:1:      spicycebolla_green_bress_n_ham_2, layout_basic
D:2:      layout_basic
D:3:      layout_loops_ring, gammafunk_temple_overflow_statue,
          shapermc_ecumenical_altar_mp_vishouse, hex_medium,
          minmay_misc_feat_roman, serial_bayou_lagoon_b
D:4:      layout_loops_corners, minmay_temple_entry_arrows
D:5:      layout_basic
D:6:      layout_layer_cave, st_stairs_3
D:7:      layout_rooms, serial_corexii_hall, corexii_hall_statues_i,
          corexii_hall_statues_u, corexii_hall_statues_l,
          corexii_hall_statues_deadend
D:8:      layout_gridville, minitemple, minmay_holes, uniq_joseph, uniq_grum
Temple:   nicolae_temple_elliptical

Skill      XL: |  1  2  3  4  5  6  7  8 |
---------------+-------------------------+-----
Fighting       | 3 4 5 6 8 |  8.2
Ranged Weapons | 5 6 |  6.8
Armour         | 1 3 |  3.7
Invocations    | 2 |  2.6
Evocations     | 2 |  2.4
Dodging        | 3 |  3.2
Stealth        | |  1.0

Action                   |  1- 3 |  4- 6 |  7- 9 || total
-------------------------+-------+-------+-------++-------
Melee: Shortbow          |       |       |     1 ||     1
 Fire: Shortbow          |    81 |   226 |   190 ||   497
Invok: Wall of Briars    |       |       |     4 ||     4
Evoke: Wand              |       |       |    10 ||    10
  Use: Potion            |       |       |     2 ||     2
Armor: Leather armour    |    15 |    14 |       ||    29
       Skin              |       |     1 |       ||     1
       Ring mail         |       |    21 |   106 ||   127
Dodge: Dodged            |    54 |    53 |   124 ||   231
